 Dungeon Crawl Stone Soup version 0.21-a0-331-gfb491b4 (webtiles) character file.

238 vishdafish the Demonic Mishap (level 5, -6/42 HPs)
             Began as a Demonspawn Skald on Oct 2, 2017.
             Was an Initiate of Qazlal.
             Mangled by a mummy (18 damage)
             ... on level 4 of the Dungeon.
             The game lasted 00:07:19 (3799 turns).

vishdafish the Demonic Mishap (Demonspawn Skald)    Turns: 3799, Time: 00:07:20

Health: -6/42      AC:  4    Str: 11    XL:     5   Next: 78%
Magic:  7/9        EV: 12    Int: 15    God:    Qazlal [......]
Gold:   167        SH:  0    Dex: 13    Spells: 7/10 levels left

rFire    . . .     SeeInvis .   a - +0 spear
rCold    . . .     Gourm    .   (no shield)
rNeg     . . .     Faith    .   b - +0 leather armour
rPois    .         Spirit   .   (no helmet)
rElec    .         Reflect  .   (no cloak)
rCorr    .         Harm     .   (no gloves)
MR       .....                  (no boots)
Stlth    +.........             (no amulet)
HPRegen  0.14/turn              (no ring)
MPRegen  0.11/turn              (no ring)

@: infused
A: rugged brown scales 1
a: Renounce Religion


You were on level 4 of the Dungeon.
You worshipped Qazlal.
Qazlal was noncommittal.
You were not hungry.

You visited 1 branch of the dungeon, and saw 4 of its levels.

You collected 167 gold pieces.

Inventory:

Hand Weapons
 a - a +0 spear (weapon)
Missiles
 v - a throwing net (quivered)
Armour
 b - a +0 leather armour (worn)
 r - a +0 robe
Wands
 x - a wand of flame (22/48)
Scrolls
 g - 5 scrolls of identify
 h - a scroll of blinking {unknown}
 j - 2 scrolls of magic mapping {unknown}
 k - 2 scrolls of remove curse
 l - 3 scrolls of enchant armour {unknown}
 m - a scroll of noise {unknown}
 o - 2 scrolls of teleportation {unknown}
 p - a scroll of immolation {unknown}
 t - 2 scrolls of amnesia {unknown}
Potions
 e - a potion of flight
 n - a potion of curing {unknown}
 q - a potion of ambrosia
 s - a potion of agility {unknown}
 u - 2 potions of mutation {unknown}
 w - a potion of berserk rage {unknown}
Books
 c - a book of Battle

   Spells                             Type                      Level
   a - Infusion                       Charms                       1
   b - Shroud of Golubria             Charms/Translocation         2
   c - Song of Slaying                Charms                       2
   d - Spectral Weapon                Hexes/Charms                 3
   e - Regeneration                   Charms/Necromancy            3
Comestibles
 d - 2 bread rations
 f - 7 fruits
 i - 3 meat rations
 z - 4 chunks of flesh


   Skills:
 + Level 3.2 Fighting
 + Level 3.1 Polearms
 - Level 1.0 Armour
 - Level 2.0 Dodging
 - Level 3.1 Spellcasting
 * Level 3.0 Charms
 - Level 3.2 Invocations


You had 7 spell levels left.
You knew the following spells:

 Your Spells              Type           Power        Failure   Level  Hunger
a - Infusion              Chrm           ##..         8%          1    #......
b - Song of Slaying       Chrm           ##......     12%         2    ##.....


Dungeon Overview and Level Annotations

Branches:
Dungeon (4/15)
 Temple: D:4-7

Altars:
Qazlal
Ru
Vehumet
Xom

Portals:
Ossuary: D:4


Innate Abilities, Weirdness & Mutations

You are partially covered in rugged brown scales. (AC +1, +3% HP)


Message History

You hit the mummy.
The mummy is moderately damaged.
The mummy closely misses you.
Casting: Infusion
Confirm with . or Enter, or press ? or * to list all spells.
You begin infusing your attacks with magical energy.
You hit the mummy.
The mummy is moderately damaged.
The mummy misses you.
You hit the mummy but do no damage.
The mummy is moderately damaged.
You barely miss the mummy.
The mummy is moderately damaged.
The mummy barely misses you.
You barely miss the mummy.
The mummy is moderately damaged.
You hit the mummy.
The mummy is heavily damaged.
The mummy hits you!!
You die...

##....'.##......#
#....###.#.....#
#...#..##..##....#
...###..#...###...#
... #......'.# ###.
#..#...###
#..#..##..#
#....###.#
##.#.@M##..
#......### .##
.......# ..
........# ...
......... .........
........ .......


You could see a mummy.

Vanquished Creatures
  A howler monkey (D:4)
  An orc wizard (D:2)
  An iguana (D:4)
  4 gnolls
  3 adders
  3 worms
  A dart slug (D:1)
  3 leopard geckos
  5 orcs
  7 bats
  2 giant cockroaches
  4 goblins
  6 hobgoblins
  6 jackals (D:2)
  2 quokkas
  2 frilled lizards (D:2)
  2 goblin zombies (D:4)
  A jackal skeleton (D:3)
  4 kobolds
  9 rats
67 creatures vanquished.

Vanquished Creatures (others)
  A goblin (D:3)
1 creature vanquished.

Grand Total: 68 creatures vanquished

Notes
Turn   | Place    | Note
-------+----------+-------------------------------------------
     0 | D:1      | vishdafish the Demonspawn Skald began the quest for the Orb.
     0 | D:1      | Reached XP level 1. HP: 16/16 MP: 3/3
    42 | D:1      | Reached skill level 1 in Armour
   328 | D:1      | Gained mutation: You are partially covered in rugged brown scales. (AC +1, +3% HP) [demonic ancestry]
   328 | D:1      | Reached XP level 2. HP: 16/22 MP: 5/5
  1075 | D:2      | Reached XP level 3. HP: 20/27 MP: 2/6
  1408 | D:2      | Found a stormy altar of Qazlal.
  1444 | D:2      | Found a faded altar of an unknown god.
  1474 | D:2      | Became a worshipper of Qazlal Stormbringer
  2114 | D:2      | Reached XP level 4. HP: 34/35 MP: 2/8
  2379 | D:3      | Found a shimmering altar of Xom.
  2491 | D:3      | Found a sacrificial altar of Ru.
  2575 | D:2      | Reached skill level 1 in Invocations
  2971 | D:3      | Reached XP level 5. HP: 12/41 MP: 0/9
  3243 | D:3      | Found a radiant altar of Vehumet.
  3556 | D:4      | Learned a level 2 spell: Song of Slaying
  3789 | D:4      | Found a sand-covered staircase.
  3799 | D:4      | Mangled by a mummy

Vault maps used:
D:1:      dpeg_arrival_tiny_d
D:2:      grunt_qazlal_sundering, chequers_ecumenical_altar_simple, first_bread
D:3:      nicolae_overflow_crystal_walls, fiery_altar_vehumet, xom_teletrap_fun
D:4:      old_standard_altar, serial_shops,
          nicolae_shop_competitors_out_of_business, nicolae_ossuary_entry_giza,
          serial_co_window_serial, co_window_corner_a, co_window_corner_a,
          co_window_corner_a, co_window_corner_a, co_window_corner_a,
          co_window_paths_a, co_window_cross_1, co_window_broadway_c,
          co_window_unsneaky_path_a, co_window_paths_c, co_window_4corner_b,
          co_window_paths_d, glass_columns_a

Skill      XL: |  1  2  3  4  5 |
---------------+----------------+-----
Armour         | 1 |  1.0
Charms         | 3 |  3.0
Polearms       | 2 3 |  3.1
Dodging        | 2 |  2.0
Spellcasting   | 3 |  3.1
Invocations    | 1 3 |  3.2
Fighting       | 3 |  3.2

Action                   |  1- 3 |  4- 6 || total
-------------------------+-------+-------++-------
Melee: Spear             |   174 |   169 ||   343
Throw: Throwing net      |       |     2 ||     2
 Cast: Infusion          |     7 |     8 ||    15
  Use: Potion            |       |     3 ||     3
       Scroll            |       |     2 ||     2
 Stab: Sleeping          |     1 |     1 ||     2
  Eat: Chunk             |     3 |     6 ||     9
       Fruit             |       |     1 ||     1
Armor: Leather armour    |    47 |    36 ||    83
Dodge: Dodged            |   101 |   121 ||   222

Table legend:
 A = Spawn XP
 B = Non-spawn XP
 C = Spawn XP percentage of total XP
 D = Spawn monster count
 E = Non-spawn monster count
 F = Spawn count percentage of total count
 G = Total turns spent on level
                    A         B        C        D         E        F      G
               +---------+---------+-------+---------+---------+-------+---------
         Total |       0 |     341 |   0.0 |       0 |      67 |   0.0 |  3799
               +---------+---------+-------+---------+---------+-------+---------
           D:1 |       0 |      28 |   0.0 |       0 |      16 |   0.0 |   875
           D:2 |       0 |     106 |   0.0 |       0 |      26 |   0.0 |  1978
           D:3 |       0 |      96 |   0.0 |       0 |      18 |   0.0 |   670
           D:4 |       0 |     111 |   0.0 |       0 |       7 |   0.0 |   276
               +---------+---------+-------+---------+---------+-------+---------
